 Dungeon Crawl Stone Soup version 0.24.0-37-gcf1ca852f1 (webtiles) character file.

Game seed: 6132460633314152742, levelgen mode: deterministic

144 Descartes the Skirmisher (level 5, -5/43 HPs)
             Began as a Formicid Abyssal Knight on Dec 7, 2019.
             Was a Believer of Lugonu.
             Slain by an orc wizard
             ... wielding a +2 dagger of distortion
              (19 damage)
             ... on level 3 of the Dungeon.
             The game lasted 00:05:17 (2752 turns).

Descartes the Skirmisher (Formicid Abyssal Knight)  Turns: 2752, Time: 00:05:17

Health: -5/43      AC: 12    Str: 17    XL:     5   Next: 52%
Magic:  7/7        EV:  5    Int: 12    God:    Lugonu [**....]
Gold:   212        SH:  0    Dex: 10    Spells: 4/4 levels left

rFire    . . .     SeeInvis +   a - +1 hand axe
rCold    + . .     Gourm    .   (no shield)
rNeg     . . .     Faith    .   m - +0 plate armour
rPois    .         Spirit   .   (helmet unavailable)
rElec    .         Reflect  .   (no cloak)
rCorr    .         Harm     .   (no gloves)
MR       .....                  w - +0 pair of boots
Stlth    ..........             (no amulet)
HPRegen  0.14/turn              u - ring of stealth
MPRegen  0.10/turn              v - ring of protection from cold

@: no status effects
A: permanent stasis, dig shafts and tunnels, four strong arms, antennae 3
a: Dig, Shaft Self, Depart the Abyss, Bend Space, Renounce Religion


You were on level 3 of the Dungeon.
You worshipped Lugonu.
Lugonu was pleased with you.
You were not hungry.

You visited 1 branch of the dungeon, and saw 3 of its levels.
You visited the Abyss 1 time.

You collected 212 gold pieces.

Inventory:

Hand Weapons
 a - a +1 hand axe (weapon)
 n - a +1 hunting sling of freezing
Missiles
 e - 124 stones (quivered)
 g - 63 arrows
 q - 40 sling bullets
Armour
 b - a +0 leather armour
 m - a +0 plate armour (worn)
 w - a +0 pair of boots (worn)
Jewellery
 u - a ring of stealth (left hand)
 v - a ring of protection from cold (right hand)
Wands
 f - a wand of disintegration (11)
Scrolls
 d - 2 scrolls of identify {unknown}
 h - a scroll of blinking {unknown}
 i - 2 scrolls of amnesia {unknown}
 o - a scroll of teleportation {unknown}
 r - a scroll of remove curse {unknown}
 x - a scroll of random uselessness {unknown}
Potions
 j - a potion of berserk rage
 k - 2 potions of heal wounds {unknown}
 l - a potion of lignification {unknown}
 p - 2 potions of brilliance
 s - a potion of resistance {unknown}
Comestibles
 c - 5 rations
 t - 7 chunks of flesh


   Skills:
 + Level 4.6 Fighting
 - Level 3.1 Axes
 + Level 2.8 Armour
 + Level 1.5 Dodging
 + Level 2.7 Invocations
 + Level 1.2 Evocations


You had 4 spell levels left.
You didn't know any spells.
Your spell library was empty.

Dungeon Overview and Level Annotations

Branches:
Dungeon (3/15)

Altars:


Innate Abilities, Weirdness & Mutations

You cannot be hasted, slowed, berserked, paralysed or teleported.
You can dig through walls and to a lower floor.
Your four strong arms can wield two-handed weapons with a shield.
You have a pair of large antennae on your head. (SInv)


Message History

The orc is moderately wounded.
The orc hits you from afar with a +0 trident.
You barely miss the orc wizard.
The orc wizard hits you but does no damage.
Space bends around you. The orc hits you but does no damage.
You are too injured to fight recklessly!
You are too injured to fight recklessly!
You are too injured to fight recklessly!
You hit the orc wizard.
The orc wizard is moderately wounded.
The orc wizard casts a spell at you.
The magic dart hits you but does no damage.
The orc closely misses you.
The orc wizard hits you but does no damage.
Space bends around you.
You closely miss the orc wizard.
The orc wizard is moderately wounded.
The orc wizard hits you but does no damage.
Space warps horribly around you!!
You die...

.............##.......
#######.....###.......
#.##############
#...........#### #
#...........#... #.
#...........#... #..
#...........#...
###...###...........#...
..'..oo@..##########....
###..o###......)..<#....
..'.. .....###......).
###. ##.##.# #........ #
#.# .# #........ #.# #
#........ #.# #.......#
.# #####.### ..


You could see an orc wizard and 2 orcs.

Vanquished Creatures
  Natasha (twice) (D:3)
  Robin (D:2)
  2 adders
  A dart slug (D:1)
  2 leopard geckos (D:3)
  2 orcs (D:3)
  3 bats
  3 giant cockroaches
  14 goblins
  8 hobgoblins
  4 jackals (D:3)
  7 kobolds
  3 frilled lizards
  5 rats
57 creatures vanquished.

Notes
Turn   | Place    | Note
-------+----------+-------------------------------------------
     0 | Abyss:1  | Descartes the Formicid Abyssal Knight began the quest for
                  | the Orb.
     0 | Abyss:1  | Reached XP level 1. HP: 18/18 MP: 2/2
    77 | D:1      | Escaped the Abyss
   197 | D:1      | Reached XP level 2. HP: 22/25 MP: 3/3
   628 | D:1      | Reached skill level 4 in Fighting
   754 | D:2      | Noticed Robin
   769 | D:2      | Reached ** piety under Lugonu
   775 | D:2      | Reached XP level 3. HP: 27/30 MP: 4/4
   776 | D:2      | Reached skill level 1 in Dodging
   787 | D:2      | Killed Robin
  1266 | D:2      | Reached XP level 4. HP: 38/38 MP: 5/5
  2079 | D:3      | Noticed Natasha
  2100 | D:3      | Killed Natasha
  2265 | D:3      | Reached XP level 5. HP: 43/43 MP: 6/6
  2441 | D:3      | Noticed Natasha
  2451 | D:3      | Killed Natasha
  2451 | D:3      | Reached skill level 1 in Evocations
  2752 | D:3      | Slain by an orc wizard

Levels and vault maps discovered:
D:1:      dpeg_arrival_fog, layout_loops_ring, minivault_27,
          minmay_misc_feat_chi, dk_noncrumbling_4
D:2:      layout_basic, uniq_robin
D:3:      layout_basic, nicolae_overflow_hidden_temple, uniq_natasha

Skill      XL: |  1  2  3  4  5 |
---------------+----------------+-----
Fighting       | 4 |  4.6
Dodging        | 1 |  1.5
Axes           | 3 |  3.1
Evocations     | 1 |  1.2
Armour         | |  2.8
Invocations    | |  2.7

Action                   |  1- 3 |  4- 6 || total
-------------------------+-------+-------++-------
Melee: Hand axe          |    69 |   110 ||   179
 Abil: Dig               |     3 |       ||     3
  Use: Potion            |     2 |       ||     2
  Eat: Chunk             |     1 |     5 ||     6
Armor: Leather armour    |    11 |       ||    11
       Plate armour      |    56 |    63 ||   119
Dodge: Dodged            |    41 |    23 ||    64
